 Dungeon Crawl Stone Soup version 0.31.0-32-g396128a36d (webtiles) character file.

Game seed: 13227856685481231228

1502 cdecastro the Reanimator (level 8, -1/52 HPs)
             Began as a Human Necromancer on Mar 14, 2024.
             Was a Plaything of Xom.
             Slain by a killer bee (6 damage)
             ... on level 7 of the Dungeon.
             The game lasted 00:14:50 (6890 turns).

cdecastro the Reanimator (Human Necromancer)        Turns: 6890, Time: 00:14:51

Health: -1/52      AC:  8    Str:  8    XL:     8   Next: 82%
Magic:  10/11      EV: 11    Int: 18    God:    Xom [......]
Gold:   386        SH:  0    Dex: 14    Spells: 3/11 levels left

rFire   + . .        b - +3 hand axe
rCold   . . .        (no shield)
rNeg    . . .        h - +1 leather armour {rF+}
rPois   .            o - +2 helmet {SInv}
rElec   .            (no cloak)
rCorr   .            n - +0 pair of gloves
SInv    +            (no boots)
Will    .....        (no amulet)
Stlth   ++           (no ring)
HPRegen 0.28/turn    (no ring)
MPRegen 0.12/turn

%: no passive effects
@: no status effects
A: explore regen
a: Renounce Religion


You were on level 7 of the Dungeon.
You worshipped Xom.
You were a very special plaything of Xom.
You visited 2 branches of the dungeon, and saw 8 of its levels.

You collected 386 gold pieces.

Inventory:

Hand Weapons
 a - a +4 sling
 b - a +3 hand axe (weapon)
 z - a +1 dagger of holy wrath
Armour
 h - a +1 leather armour of fire resistance (worn)
 n - a +0 pair of gloves (worn)
 o - a +2 helmet of see invisible (worn)
 q - a +2 ring mail of positive energy
Jewellery
 D - a ring of fire
 E - a ring of ice
Wands
 w - a wand of light (6)
 C - a wand of charming (3)
Scrolls
 d - 2 scrolls of teleportation {unknown}
 j - 8 scrolls of identify {unknown}
 l - 2 scrolls of poison {unknown}
 p - a scroll of vulnerability {unknown}
 r - a scroll of fear {unknown}
 s - a scroll of enchant weapon {unknown}
 v - a scroll of revelation {unknown}
 y - a scroll of blinking {unknown}
 A - 2 scrolls of immolation {unknown}
 B - a scroll of amnesia {unknown}
Potions
 c - 2 potions of enlightenment {unknown}
 e - 3 potions of degeneration {unknown}
 f - 2 potions of might {unknown}
 g - 2 potions of brilliance {unknown}
 k - a potion of lignification {unknown}
 m - a potion of heal wounds {unknown}
 t - a potion of attraction {unknown}
 u - 2 potions of mutation {unknown}
 x - a potion of cancellation {unknown}
 F - a potion of magic


   Skills:
 - Level 2.0 Dodging
 - Level 2.0 Stealth
 - Level 2.0 Spellcasting
 + Level 11.4 Necromancy


You had 3 spell levels left.
You knew the following spells:

 Your Spells              Type           Power      Damage    Failure   Level
a - Necrotise             Necr           100%       1d9       1%          1
b - Vampiric Draining     Necr           42%        2d9       1%          3
c - Animate Dead          Necr           42%        N/A       2%          4

Your spell library contained the following spells:

 Spells                   Type           Power      Damage    Failure   Level
 Kiss of Death            Conj/Necr      88%        2d12      2%          1
 Confusing Touch          Hex            1%         N/A       61%         3
 Dispel Undead            Necr           42%        3d17      2%          4
 Curse of Agony           Necr           42%        N/A       7%          5


Dungeon Overview and Level Annotations

Branches:
Dungeon (7/15)             Temple (1/1) D:6

Altars:
Ashenzari
Cheibriados
Dithmenos
Elyvilon
Fedhas
Gozag
Hepliaklqana
Kikubaaqudgha
Makhleb
Nemelex Xobeh
Okawaru
Qazlal
Ru
Sif Muna
Trog
Uskayaw
Vehumet
Wu Jian
Xom
Yredelemnul
Zin
The Shining One

Shops:
D:1 !

Annotations:
D:2 Sigmund


Innate Abilities, Weirdness & Mutations

You regain HP and MP as you explore.


Message History

You are no longer poisoned.
The killer bee barely misses your killer bee zombie. x2
The killer bee stings your killer bee zombie.
Unknown command.
The killer bee stings your killer bee zombie.
Your killer bee zombie hits the killer bee.
The killer bee barely misses your killer bee zombie.
Your killer bee zombie completely misses the killer bee.
The killer bee closely misses your killer bee zombie.
Your killer bee zombie completely misses the killer bee.
The killer bee stings your killer bee zombie!
Your killer bee zombie hits the killer bee.
The killer bee misses your killer bee zombie.
Your killer bee zombie completely misses the killer bee.
The killer bee stings your killer bee zombie.
Your killer bee zombie barely misses the killer bee.
The killer bee stings your killer bee zombie.
Your killer bee zombie hits the killer bee.
The killer bee stings your killer bee zombie.
The killer bee stings your killer bee zombie.
Your killer bee zombie is destroyed!
Your reaping aura is weakening.
The killer bee attacks as it pursues you!
The killer bee closely misses you.
Your reaping aura expires.
The killer bee stings you but does no damage.
The killer bee closely misses you.
The killer bee attacks as it pursues you!
The killer bee closely misses you.
The killer bee stings you but does no damage.
The killer bee attacks as it pursues you!
The killer bee completely misses you. The killer bee misses you.
There is a stone staircase leading up here.
The killer bee barely misses you. The killer bee stings you.
* * * LOW HITPOINT WARNING * * *
The killer bee stings you.
* * * LOW HITPOINT WARNING * * *
The killer bee stings you.
You die...
Xom howls with laughter!

#.#.## #.#.#
#....# #.#.#
#.##.# #.#.#
#.##.# #.#.####
#.##.# #......##
#.##.# ###.#...##
#.##.#
#yy....######.##.#
#@y..........>..[)
##.....######.##[#
##...## #.##.#
##.## #.##.. #.#
#.####
#.########.#
#..........#
############


You could see 3 killer bees.

Vanquished Creatures
  A black bear (D:5)
  2 ogres
  A centaur (D:6)
  3 phantoms (D:4)
  3 bullfrogs (D:6)
  A killer bee (D:7)
  2 bombardier beetles (D:4)
  5 hounds
  2 orc priests (D:4)
  A gnoll bouda (D:7)
  2 iguanas (D:6)
  An orc wizard (D:7)
  Robin (D:2)
  9 gnolls
  9 adders
  A shadow imp (D:5)
  A white imp (D:6)
  2 ufetubi (D:6)
  2 dart slugs
  A ribbon worm (D:2)
  18 orcs
  3 ball pythons
  3 bats
  6 endoplasms
  4 giant cockroaches
  12 goblins
  12 hobgoblins
  2 jackals (D:2)
  2 quokkas
  2 frilled lizards
  6 kobolds
  4 rats
124 creatures vanquished.

Vanquished Creatures (collateral kills)
  An orc (D:3)
  A goblin (D:2)
  A rat (D:3)
3 creatures vanquished.

Vanquished Creatures (others)
  A killer bee zombie (D:7)
  4 orc zombies (D:7)
5 creatures vanquished.

Grand Total: 132 creatures vanquished

Notes
Turn   | Place    | Note
-------+----------+-------------------------------------------
     0 | D:1      | cdecastro the Human Necromancer began the quest for the
                  | Orb.
     0 | D:1      | Reached XP level 1. HP: 13/13 MP: 3/3
   125 | D:1      | Reached XP level 2. HP: 19/19 MP: 1/5
   326 | D:1      | Found Puixzuwn's Distillery.
  1241 | D:2      | Reached XP level 3. HP: 24/24 MP: 3/6
  1318 | D:2      | Reached skill level 5 in Necromancy
  1808 | D:2      | Noticed Robin
  1828 | D:2      | Learned a level 3 spell: Vampiric Draining
  1842 | D:2      | Killed Robin
  1853 | D:2      | Reached XP level 4. HP: 26/30 MP: 1/7
  2018 | D:2      | Noticed Sigmund
  2495 | D:3      | Reached skill level 6 in Necromancy
  2639 | D:3      | Found a faded altar of an unknown god.
  2748 | D:3      | Found an ornate altar of the Wu Jian Council.
  2748 | D:3      | Found a glowing golden altar of the Shining One.
  2851 | D:3      | Prayed at the altar of an unknown god.
  2851 | D:3      | Became a worshipper of Xom the Chaotic
  2923 | D:3      | Reached XP level 5. HP: 35/35 MP: 8/8
  2935 | D:3      | XOM: silly message
  2981 | D:3      | XOM: silly message
  3003 | D:4      | XOM: cloud trail
  3101 | D:4      | XOM: divination: detect creatures
  3145 | D:4      | XOM: silly message
  3248 | D:4      | XOM: cast spell 'Cause Fear'
  3256 | D:4      | XOM: noise
  3670 | D:4      | Reached skill level 7 in Necromancy
  3670 | D:4      | Reached XP level 6. HP: 39/41 MP: 4/9
  3675 | D:4      | Learned a level 4 spell: Animate Dead
  3755 | D:4      | XOM: potion effect (might)
  3758 | D:4      | XOM: potion effect (haste)
  3815 | D:4      | Reached skill level 8 in Necromancy
  3819 | D:4      | XOM: potion effect (haste)
  3826 | D:4      | Reached XP level 7. HP: 46/46 MP: 10/10
  3901 | D:4      | XOM: butterfly on damage
  3907 | D:4      | Reached skill level 9 in Necromancy
  3988 | D:4      | XOM: god gift: 45 gold pieces
  4038 | D:4      | XOM: stat loss: -1 Dex (13/14)
  4518 | D:5      | Entered Level 5 of the Dungeon
  4650 | D:5      | Found a stormy altar of Qazlal.
  4775 | D:5      | Reached XP level 8. HP: 46/52 MP: 4/11
  5108 | D:5      | XOM: silly message
  5307 | D:6      | Reached skill level 10 in Necromancy
  5516 | D:6      | XOM: summons 1 hostile shadow creature
  5608 | D:6      | Found a staircase to the Ecumenical Temple.
  5618 | D:6      | XOM: silly message
  5620 | D:6      | XOM: silly message
  5732 | D:6      | XOM: noise
  5771 | D:6      | XOM: 1-stop teleportation journey
  5840 | Temple   | Entered the Ecumenical Temple
  6073 | D:6      | XOM: silly message
  6227 | D:6      | XOM: stat loss: -1 Dex (13/14)
  6467 | D:6      | Reached skill level 11 in Necromancy
  6890 | D:7      | Slain by a killer bee

Illustrated notes

Levels and vault maps discovered:
D:1:      lightli_iron_boxes, layout_basic, serial_shops,
          nicolae_lakefront_shop, minmay_misc_feat_rows
D:2:      layout_basic, uniq_robin, uniq_sigmund
D:3:      layout_basic, grunt_temple_overflow_open,
          shapermc_ecumenical_altar_acropolis, grunt_ministairs_4, wad_orctagon
D:4:      layout_basic
D:5:      layout_loops_ring, lemuel_crystal_altar, kennysheep_generic_room_2
D:6:      layout_loops_cross, minmay_temple_entry_statues_fountains
D:7:      layout_loops_ring
Temple:   hellmonk_temple_of_storms

Skill      XL: |  1  2  3  4  5  6  7  8 |
---------------+-------------------------+-----
Necromancy     | 5 6 7 8 9 11 | 11.4
Dodging        | |  2.0
Stealth        | |  2.0
Spellcasting   | |  2.0

Action                     |  1- 3 |  4- 6 |  7- 9 || total
---------------------------+-------+-------+-------++-------
  Melee: Club              |     9 |       |       ||     9
         Unarmed           |     3 |       |       ||     3
         Dagger            |    19 |    23 |       ||    42
         Hand axe          |       |    37 |   182 ||   219
         Punch             |       |     2 |     1 ||     3
   Fire: Sling             |       |       |    20 ||    20
   Cast: Necrotise         |    63 |    78 |     1 ||   142
         Vampiric Draining |       |       |    20 ||    20
         Animate Dead      |       |       |     4 ||     4
   Stab: Sleeping          |     1 |     1 |     3 ||     5
         Distracted        |       |       |     1 ||     1
 Armour: Robe              |     9 |       |       ||     9
         Leather armour    |    20 |    56 |   238 ||   314
  Dodge: Dodged            |    26 |    52 |   193 ||   271
